Rampage vs Eagles
Created - March 30, 2022 at 19:16
Goals
|
| Rampage |
3 |
1 |
0 |
4 |
| Eagles |
2 |
2 |
2 |
6 |
|
Shots
|
| Rampage |
11 |
20 |
4 |
35 |
| Eagles |
14 |
7 |
11 |
32 |
|
1st period
1. Eagles , Jared McCann 5 (Anthony Duclair 7) at 1:56
2. Rampage , Petr Straka 16 (Travis Sanheim 29, Jean-Sebastien Dea 15) at 9:42
3. Eagles , Joseph Blandisi 16 (Connor Carrick 7, Matteson Iacopelli 14) at 14:09
4. Rampage , T.J. Tynan 12 (Petr Straka 7, Travis Sanheim 30) at 17:31
5. Rampage , Jack Roslovic 17 (Jordan Kyrou 22) at 18:08 (PP)
Penalties :
Matteson Iacopelli (Col) for Holding (Minor) at 18:05
2nd period
6. Eagles , Jarred Tinordi 2 (Matteson Iacopelli 15, Joseph Blandisi 14) at 0:37
7. Eagles , Tomas Tatar 23 (Drake Caggiula 25, Jarred Tinordi 6) at 8:45 (PP)
8. Rampage , Jack Roslovic 18 (Jordan Greenway 8) at 10:07
Penalties :
Anthony Duclair (Col) for Slashing (Minor) at 2:04, Jordan Greenway (San) for Goalie Interference (Minor) at 8:28
3rd period
9. Eagles , Jared McCann 6 (Jarred Tinordi 7, Anthony Duclair 8) at 12:44
10. Eagles , Nick Cousins 9 (Tomas Tatar 18, Drake Caggiula 26) at 19:24 (Empty Net)
Penalties :
Jarred Tinordi (Col) for Tripping (Minor) at 8:29, Jarred Tinordi (Col) for Hooking (Minor) at 13:00, Collin Miller (San) for Holding (Minor) at 14:40
Goalie Stats
Brandon Halverson (San), 26 saves from 31 shots - (0.839), L, 6-4-0, 59:37 minutes
Marek Mazanek (Col), 31 saves from 35 shots - (0.886), W, 23-10-3, 60:00 minutes
Players Stats for Rampage
Player Name G A P +/- PIM S H SB GA TA FO MP PP MP PK MP
------------------------------------------------------------------------------------
Anthony Richard 0 0 0 0 0 4 0 0 0 0 1/2 8:45 0:05 0:10
Artturi Lehkonen 0 0 0 -1 0 2 1 0 1 0 0/0 12:45 0:05 0:35
Charlie McAvoy 0 0 0 1 0 0 1 4 0 1 0/0 21:32 0:00 0:44
Collin Miller 0 0 0 0 2 0 1 0 0 1 0/0 13:30 2:06 0:17
Denis Gurianov 0 0 0 -1 0 1 0 0 0 0 1/1 16:50 2:28 0:00
Ethan Bear 0 0 0 -2 0 0 3 0 0 0 0/0 20:16 3:34 0:51
Jack Roslovic 2 0 2 -1 0 9 0 0 0 0 21/31 22:10 3:08 1:06
Jean-Sebastien Dea 0 1 1 0 0 2 1 0 0 0 7/10 14:45 2:28 0:06
Jeremy Bracco 0 0 0 0 0 0 1 0 0 0 0/0 8:52 0:05 0:00
Jordan Greenway 0 1 1 0 2 0 1 3 0 0 0/1 18:17 0:00 0:25
Jordan Kyrou 0 1 1 0 0 2 2 0 1 0 2/4 20:28 3:08 0:00
Kevan Miller 0 0 0 -1 0 0 0 0 0 1 0/0 17:35 2:07 0:00
Oskar Lindblom 0 0 0 0 0 1 0 0 0 1 0/0 10:47 3:08 0:00
Petr Straka 1 1 2 -1 0 4 0 0 1 0 0/0 12:05 0:00 0:16
Roland McKeown 0 0 0 -3 0 4 0 2 0 1 0/0 22:03 0:00 1:13
Ryan Lomberg 0 0 0 -1 0 1 2 0 0 0 0/0 17:34 2:28 1:06
T.J. Tynan 1 0 1 -1 0 4 1 1 1 0 3/10 14:21 0:00 0:10
Travis Sanheim 0 2 2 1 0 1 1 0 0 2 0/0 25:07 3:34 0:49
Players Stats for Eagles
Player Name G A P +/- PIM S H SB GA TA FO MP PP MP PK MP
------------------------------------------------------------------------------------
Anthony Duclair 0 2 2 2 2 2 0 0 0 0 0/0 14:38 0:00 1:00
Connor Carrick 0 1 1 0 0 0 0 0 0 0 0/0 19:13 0:55 2:07
Drake Caggiula 0 2 2 -2 0 2 4 1 0 0 8/23 21:34 1:10 1:44
Jared McCann 2 0 2 2 0 4 0 0 0 0 4/7 12:46 0:00 0:04
Jarred Tinordi 1 2 3 1 4 3 0 0 1 0 0/0 26:26 0:54 1:25
John Ramage 0 0 0 -1 0 0 3 3 0 1 0/0 18:40 0:55 2:03
Jonathan Racine 0 0 0 1 0 0 1 1 0 0 0/0 14:06 0:00 1:23
Joseph Blandisi 1 1 2 2 0 1 1 0 0 1 0/1 19:42 0:46 2:16
Matteson Iacopelli 0 2 2 2 2 3 1 0 1 0 0/0 17:25 0:46 0:00
Max Lajoie 0 0 0 0 0 0 0 0 0 0 0/0 5:53 0:00 0:51
Nick Cousins 1 0 1 -2 0 2 1 1 0 0 2/3 25:40 0:45 3:07
Pius Suter 0 0 0 0 0 0 0 0 0 0 0/0 1:03 0:16 0:00
Ryan Murphy 0 0 0 2 0 0 1 0 1 2 0/0 23:31 1:02 3:34
Sam Steel 0 0 0 1 0 0 0 0 0 0 0/1 1:41 0:32 0:00
Tomas Tatar 1 1 2 -2 0 6 3 2 3 0 2/6 25:53 0:49 3:10
Tyler Motte 0 0 0 1 0 2 3 1 0 0 2/6 15:16 0:00 0:00
Xavier Ouellet 0 0 0 1 0 1 0 0 0 0 0/0 13:03 0:09 0:00
Zach Aston-Reese 0 0 0 2 0 6 1 0 1 0 6/12 17:26 0:46 0:00
3 Stars
1 - Jared McCann (Col)
2 - Joseph Blandisi (Col)
3 - Tomas Tatar (Col)
Power Play
Rampage - 1 on 4 Attempt(s) - 25.00%
Eagles - 1 on 2 Attempt(s) - 50.00%
Penalty Kill
Rampage - 1 on 2 Attempt(s) - 50.00%
- Score 0 goal in Penalty Kill
Eagles - 3 on 4 Attempt(s) - 75.00%
- Score 0 goal in Penalty Kill
Team Stat
Rampage - Hits : 15 - Faceoff Wins : 35 - Blocked Shots : 10 - Penalty Minutes : 4
Eagles - Hits : 19 - Faceoff Wins : 24 - Blocked Shots : 9 - Penalty Minutes : 8
Official
Referees : Wes McCauley and Peter MacDougall
Linesman : Brian Mach and Kyle Flemington
Game Notes
13:52 of 1st period - Eagles goal is going for a video replay. After video review, No Goal. The puck has entered the net after making contact with an attacking player’s stick that is above the height of the crossbar.
Nick Cousins has scored in a empty net!
Finance
Level 1 -- Attendance: 1754 (87.70%) -- Ticket Income $61,390
Level 2 -- Attendance: 1000 (100.00%) -- Ticket Income $15,000
Total Attendance: 2754 (91.80%)
Total Ticket Income: $76,390
Other Income: $3,820
Total Income: $80,210
Rampage
5 vs 5 Forward
Center Left Wing Right Wing Time % Phy DF OF
1 Jack Roslovic Jordan Greenway Jordan Kyrou 40 1 2 2
2 T.J. Tynan Ryan Lomberg Denis Gurianov 30 1 2 2
3 Jean-Sebastien Dea Artturi Lehkonen Petr Straka 20 1 2 2
4 Anthony Richard Oskar Lindblom Jeremy Bracco 10 1 2 2
5 vs 5 Defense
Defense Defense Time % Phy DF OF
1 Charlie McAvoy Travis Sanheim 40 1 2 2
2 Roland McKeown Ethan Bear 30 1 2 2
3 Kevan Miller Collin Miller 20 1 2 2
4 Kevan Miller Roland McKeown 10 1 2 2
PowerPlay Forward
Center Left Wing Right Wing Time % Phy DF OF
1 Jack Roslovic Oskar Lindblom Jordan Kyrou 60 1 2 2
2 Jean-Sebastien Dea Ryan Lomberg Denis Gurianov 40 1 2 2
PowerPlay Defense
Defense Defense Time % Phy DF OF
1 Ethan Bear Travis Sanheim 60 1 2 2
2 Kevan Miller Collin Miller 40 1 2 2
Penalty Kill 4 Players Forward
Center Wing Time % Phy DF OF
1 Jack Roslovic Ryan Lomberg 60 1 2 2
2 T.J. Tynan Petr Straka 40 1 2 2
Penalty Kill 4 Players Defense
Defense Defense Time % Phy DF OF
1 Roland McKeown Collin Miller 60 1 2 2
2 Travis Sanheim Ethan Bear 40 1 2 2
Penalty Kill - 3 Players Forward
Forward Time % Phy DF OF
1 T.J. Tynan 60 1 2 2
2 Jack Roslovic 40 1 2 2
Penalty Kill - 3 Players Defense
Defense Defense Time % Phy DF OF
1 Roland McKeown Travis Sanheim 60 1 2 2
2 Collin Miller Ethan Bear 40 1 2 2
4 vs 4 Forward
Center Wing Time % Phy DF OF
1 Jean-Sebastien Dea Petr Straka 60 1 2 2
2 T.J. Tynan Ryan Lomberg 40 1 2 2
4 vs 4 Defense
Defense Defense Time % Phy DF OF
1 Roland McKeown Travis Sanheim 60 1 2 2
2 Collin Miller Charlie McAvoy 40 1 2 2
Last Minutes Offensive
Center Left Wing Right Wing Defense Defense
Jack Roslovic Ryan Lomberg Petr Straka Ethan Bear Travis Sanheim
Last Minutes Defensive
Center Left Wing Right Wing Defense Defense
T.J. Tynan Ryan Lomberg Petr Straka Roland McKeown Collin Miller
Goaltenders
Starting : Brandon Halverson
Backup : Magnus Hellberg
Extra Forwards
Normal : Denis Gurianov, Jean-Sebastien Dea, Jordan Greenway - PP : Denis Gurianov, Jean-Sebastien Dea - PK : Jordan Greenway
Extra Defensemen
Normal : Ethan Bear, Charlie McAvoy, Collin Miller - PP : Ethan Bear - PK : Charlie McAvoy, Collin Miller
Penalty Shots
Jack Roslovic, Jordan Kyrou, Petr Straka, T.J. Tynan, Jean-Sebastien Dea
Scratches
Adam Clendening (Healthy), Dylan Sikura (Healthy), Scott Wilson (Healthy), Dylan Gambrell (Healthy), Eamon McAdam (Healthy)
Emil Larmi (Healthy)
Eagles
5 vs 5 Forward
Center Left Wing Right Wing Time % Phy DF OF
1 Drake Caggiula Tomas Tatar Nick Cousins 40 1 2 2
2 Zach Aston-Reese Joseph Blandisi Matteson Iacopelli 30 1 2 2
3 Jared McCann Anthony Duclair Tyler Motte 20 1 2 2
4 Tyler Motte Tomas Tatar Nick Cousins 10 1 2 2
5 vs 5 Defense
Defense Defense Time % Phy DF OF
1 Jarred Tinordi Ryan Murphy 40 1 2 2
2 John Ramage Connor Carrick 30 1 2 2
3 Xavier Ouellet Jonathan Racine 20 1 2 2
4 Max Lajoie Jarred Tinordi 10 1 2 2
PowerPlay Forward
Center Left Wing Right Wing Time % Phy DF OF
1 Drake Caggiula Tomas Tatar Nick Cousins 60 1 2 2
2 Zach Aston-Reese Joseph Blandisi Matteson Iacopelli 40 1 2 2
PowerPlay Defense
Defense Defense Time % Phy DF OF
1 Jarred Tinordi Ryan Murphy 60 1 2 2
2 John Ramage Connor Carrick 40 1 2 2
Penalty Kill 4 Players Forward
Center Wing Time % Phy DF OF
1 Tomas Tatar Nick Cousins 60 1 2 2
2 Joseph Blandisi Drake Caggiula 40 1 2 2
Penalty Kill 4 Players Defense
Defense Defense Time % Phy DF OF
1 Jarred Tinordi Ryan Murphy 60 1 2 2
2 John Ramage Connor Carrick 40 1 2 2
Penalty Kill - 3 Players Forward
Forward Time % Phy DF OF
1 Tomas Tatar 60 1 2 2
2 Nick Cousins 40 1 2 2
Penalty Kill - 3 Players Defense
Defense Defense Time % Phy DF OF
1 Jarred Tinordi Ryan Murphy 60 1 2 2
2 John Ramage Connor Carrick 40 1 2 2
4 vs 4 Forward
Center Wing Time % Phy DF OF
1 Tomas Tatar Nick Cousins 60 1 2 2
2 Joseph Blandisi Drake Caggiula 40 1 2 2
4 vs 4 Defense
Defense Defense Time % Phy DF OF
1 Jarred Tinordi Ryan Murphy 60 1 2 2
2 John Ramage Connor Carrick 40 1 2 2
Last Minutes Offensive
Center Left Wing Right Wing Defense Defense
Drake Caggiula Tomas Tatar Nick Cousins Jarred Tinordi Ryan Murphy
Last Minutes Defensive
Center Left Wing Right Wing Defense Defense
Drake Caggiula Tomas Tatar Nick Cousins Jarred Tinordi Ryan Murphy
Goaltenders
Starting : Marek Mazanek
Backup : Adin Hill
Extra Forwards
Normal : Sam Steel, Pius Suter, Anthony Duclair - PP : Sam Steel, Pius Suter - PK : Anthony Duclair
Extra Defensemen
Normal : Xavier Ouellet, Jonathan Racine, Max Lajoie - PP : Xavier Ouellet - PK : Jonathan Racine, Max Lajoie
Penalty Shots
Tomas Tatar, Nick Cousins, Joseph Blandisi, Drake Caggiula, Anthony Duclair
Scratches
Chris Calhan (Healthy), Daniel Carr (Dislocated Patella Injury), Dominik Kubalik (Healthy), Mark Friedman (Healthy), Michael Dal Colle (Healthy)
Stefan Elliott (Healthy), Keaton Middleton (Healthy), Pascal Laberge (Healthy), Antoine Bibeau (Healthy)
% Time on Ice - Rampage
Lines # - Real PCT - Wanted PCT - Time Play
Normal Forward
1 - 35% - 40% - 18:07
2 - 28% - 30% - 14:27
3 - 21% - 20% - 11:01
4 - 15% - 10% - 7:59
Normal Defense
1 - 41% - 40% - 21:07
2 - 29% - 30% - 14:46
3 - 21% - 20% - 11:03
4 - 9% - 10% - 4:38
PP Forward
1 - 57% - 60% - 3:13
2 - 43% - 40% - 2:28
PP Defense
1 - 63% - 60% - 3:34
2 - 37% - 40% - 2:07
PK Forward
1 - 91% - 60% - 1:47
2 - 9% - 40% - 0:10
PK Defense
1 - 100% - 60% - 1:57
2 - 0% - 40% - 0:00
PK3 Forward
1 - 0% - 60%
2 - 0% - 40%
PK3 Defense
1 - 0% - 60%
2 - 0% - 40%
44 Forward
1 - 100% - 60% - 0:19
2 - 0% - 40% - 0:00
44 Defense
1 - 100% - 60% - 0:19
2 - 0% - 40% - 0:00
Last Minute Offensive - 0:29
Last Minute Defensive - 0:00
Total
Forward - 60:00
Defense - 60:00
|
% Time on Ice - Eagles
Lines # - Real PCT - Wanted PCT - Time Play
Normal Forward
1 - 36% - 40% - 18:46
2 - 34% - 30% - 17:23
3 - 24% - 20% - 12:21
4 - 6% - 10% - 3:03
Normal Defense
1 - 36% - 40% - 18:32
2 - 30% - 30% - 15:42
3 - 24% - 20% - 12:17
4 - 10% - 10% - 5:02
PP Forward
1 - 61% - 60% - 1:11
2 - 39% - 40% - 0:46
PP Defense
1 - 53% - 60% - 1:02
2 - 47% - 40% - 0:55
PK Forward
1 - 83% - 60% - 4:43
2 - 17% - 40% - 0:58
PK Defense
1 - 64% - 60% - 3:38
2 - 36% - 40% - 2:03
PK3 Forward
1 - 0% - 60%
2 - 0% - 40%
PK3 Defense
1 - 0% - 60%
2 - 0% - 40%
44 Forward
1 - 100% - 60% - 0:19
2 - 0% - 40% - 0:00
44 Defense
1 - 100% - 60% - 0:19
2 - 0% - 40% - 0:00
Last Minute Offensive - 0:00
Last Minute Defensive - 0:30
Total
Forward - 60:00
Defense - 60:00
|
Play-by-Play
1st period
0:01 of 1st period - Jack Roslovic wins face-off versus Drake Caggiula in neutral zone.
0:04 of 1st period - Ryan Murphy is hit by Charlie McAvoy and loses puck.
0:27 of 1st period - Matteson Iacopelli is hit by Ryan Lomberg and loses puck.
1:56 of 1st period - Wrist shot by Jared McCann.
1:56 of 1st period - Goal by Jared McCann - Rampage : 0 - Eagles : 1.
1:57 of 1st period - Tyler Motte wins face-off versus T.J. Tynan in neutral zone.
2:10 of 1st period - Wrist shot by Tomas Tatar.
2:10 of 1st period - Shot Blocked by Roland McKeown.
2:12 of 1st period - Slapshot by Nick Cousins.
2:12 of 1st period - Shot Misses the Net.
2:27 of 1st period - Jordan Greenway is hit by Zach Aston-Reese.
2:40 of 1st period - Off-side.
2:41 of 1st period - Jean-Sebastien Dea wins face-off versus Jared McCann in neutral zone.
2:54 of 1st period - Snap shot by Jared McCann.
2:54 of 1st period - Shot Misses the Net.
2:56 of 1st period - Snap shot by Tyler Motte.
2:56 of 1st period - Stopped by Brandon Halverson with a rebound.
3:54 of 1st period - Snap shot by Anthony Duclair.
3:54 of 1st period - Stopped by Brandon Halverson without a rebound.
3:55 of 1st period - Jared McCann wins face-off versus Anthony Richard in Rampage zone.
4:10 of 1st period - Wrist shot by Anthony Duclair.
4:10 of 1st period - Stopped by Brandon Halverson with a rebound.
4:28 of 1st period - Wrist shot by Jordan Kyrou.
4:28 of 1st period - Shot Blocked by John Ramage.
4:30 of 1st period - Slapshot by Travis Sanheim.
4:30 of 1st period - Deflect By Nick Cousins.
4:30 of 1st period - Stopped by Marek Mazanek without a rebound.
4:31 of 1st period - Zach Aston-Reese wins face-off versus T.J. Tynan in Eagles zone.
4:31 of 1st period - Zach Aston-Reese is hit by Ethan Bear.
5:40 of 1st period - Roland McKeown is hit by Joseph Blandisi and loses puck.
6:15 of 1st period - Slapshot by Jack Roslovic.
6:15 of 1st period - Shot Misses the Net.
6:17 of 1st period - Snap shot by Jack Roslovic.
6:17 of 1st period - Stopped by Marek Mazanek without a rebound.
6:18 of 1st period - Jack Roslovic wins face-off versus Tomas Tatar in Eagles zone.
6:49 of 1st period - Snap shot by T.J. Tynan.
6:49 of 1st period - Stopped by Marek Mazanek without a rebound.
6:50 of 1st period - Jean-Sebastien Dea wins face-off versus Tyler Motte in Eagles zone.
6:58 of 1st period - Charlie McAvoy is hit by Tyler Motte and loses puck.
7:19 of 1st period - Slapshot by Zach Aston-Reese.
7:19 of 1st period - Shot Blocked by Charlie McAvoy.
7:21 of 1st period - Slapshot by Jonathan Racine.
7:21 of 1st period - Shot Blocked by Jordan Greenway.
7:23 of 1st period - Snap shot by Zach Aston-Reese.
7:23 of 1st period - Stopped by Brandon Halverson with a rebound.
7:25 of 1st period - Wrist shot by Zach Aston-Reese.
7:25 of 1st period - Stopped by Brandon Halverson with a rebound.
9:36 of 1st period - Wrist shot by Jean-Sebastien Dea.
9:36 of 1st period - Stopped by Marek Mazanek without a rebound.
9:37 of 1st period - Jean-Sebastien Dea wins face-off versus Drake Caggiula in Eagles zone.
9:42 of 1st period - Snap shot by Petr Straka.
9:42 of 1st period - Goal by Petr Straka - Rampage : 1 - Eagles : 1.
9:43 of 1st period - Drake Caggiula wins face-off versus Jack Roslovic in neutral zone.
9:54 of 1st period - Slapshot by Tomas Tatar.
9:54 of 1st period - Stopped by Brandon Halverson without a rebound.
9:55 of 1st period - Drake Caggiula wins face-off versus T.J. Tynan in Rampage zone.
10:25 of 1st period - Wrist shot by Jack Roslovic.
10:25 of 1st period - Stopped by Marek Mazanek without a rebound.
10:26 of 1st period - Tyler Motte wins face-off versus Jack Roslovic in Eagles zone.
10:31 of 1st period - Jordan Kyrou is hit by Tyler Motte and loses puck.
11:00 of 1st period - Snap shot by Matteson Iacopelli.
11:00 of 1st period - Shot Misses the Net.
11:02 of 1st period - Snap shot by Zach Aston-Reese.
11:02 of 1st period - Deflect By Joseph Blandisi.
11:02 of 1st period - Shot Misses the Net.
11:02 of 1st period - Puck is out of play.
11:03 of 1st period - Drake Caggiula wins face-off versus T.J. Tynan in Rampage zone.
11:12 of 1st period - Wrist shot by Tomas Tatar.
11:12 of 1st period - Stopped by Brandon Halverson without a rebound.
11:13 of 1st period - T.J. Tynan wins face-off versus Drake Caggiula in Rampage zone.
11:13 of 1st period - T.J. Tynan is hit by Drake Caggiula.
11:19 of 1st period - Charlie McAvoy is hit by Tomas Tatar and loses puck.
12:24 of 1st period - Wrist shot by Nick Cousins.
12:24 of 1st period - Shot Misses the Net.
12:26 of 1st period - Snap shot by Tomas Tatar.
12:26 of 1st period - Stopped by Brandon Halverson with a rebound.
13:06 of 1st period - Slapshot by Nick Cousins.
13:06 of 1st period - Shot Misses the Net.
13:14 of 1st period - Wrist shot by Tomas Tatar.
13:14 of 1st period - Shot Misses the Net.
13:30 of 1st period - Snap shot by Tomas Tatar.
13:30 of 1st period - Shot Blocked by Charlie McAvoy.
13:32 of 1st period - Slapshot by Jarred Tinordi.
13:32 of 1st period - Stopped by Brandon Halverson with a rebound.
13:48 of 1st period - Wrist shot by Nick Cousins.
13:48 of 1st period - Shot Blocked by Charlie McAvoy.
13:50 of 1st period - Snap shot by Drake Caggiula.
13:50 of 1st period - Shot Misses the Net.
13:52 of 1st period - Backhand shot by Drake Caggiula.
13:52 of 1st period - Eagles goal is going for a video replay.
13:52 of 1st period - The goal is refused. The puck has entered the net after making contact with an attacking player’s stick that is above the height of the crossbar..
13:53 of 1st period - Jack Roslovic wins face-off versus Zach Aston-Reese in Rampage zone.
13:53 of 1st period - Jack Roslovic is hit by John Ramage.
14:03 of 1st period - Snap shot by Matteson Iacopelli.
14:03 of 1st period - Shot Blocked by Jordan Greenway.
14:05 of 1st period - Wrist shot by Zach Aston-Reese.
14:05 of 1st period - Stopped by Brandon Halverson with a rebound.
14:07 of 1st period - Wrist shot by Matteson Iacopelli.
14:07 of 1st period - Stopped by Brandon Halverson with a rebound.
14:09 of 1st period - Slapshot by Connor Carrick.
14:09 of 1st period - Deflect By Joseph Blandisi.
14:09 of 1st period - Goal by Joseph Blandisi - Rampage : 1 - Eagles : 2.
14:10 of 1st period - Jack Roslovic wins face-off versus Jared McCann in neutral zone.
15:23 of 1st period - Icing by Anthony Richard.
15:24 of 1st period - Zach Aston-Reese wins face-off versus Jean-Sebastien Dea in Rampage zone.
16:11 of 1st period - Slapshot by Jack Roslovic.
16:11 of 1st period - Stopped by Marek Mazanek without a rebound.
16:12 of 1st period - Zach Aston-Reese wins face-off versus Jack Roslovic in Eagles zone.
16:49 of 1st period - Snap shot by Anthony Richard.
16:49 of 1st period - Stopped by Marek Mazanek with a rebound.
16:51 of 1st period - Slapshot by Roland McKeown.
16:51 of 1st period - Stopped by Marek Mazanek without a rebound.
16:52 of 1st period - Jack Roslovic wins face-off versus Zach Aston-Reese in Eagles zone.
17:31 of 1st period - Wrist shot by T.J. Tynan.
17:31 of 1st period - Goal by T.J. Tynan - Rampage : 2 - Eagles : 2.
17:32 of 1st period - Jack Roslovic wins face-off versus Tyler Motte in neutral zone.
18:05 of 1st period - Minor Penalty to Matteson Iacopelli for Holding.
18:06 of 1st period - Jordan Kyrou wins face-off versus Tomas Tatar in Eagles zone.
18:06 of 1st period - Wrist shot by Jack Roslovic.
18:06 of 1st period - Shot Misses the Net.
18:08 of 1st period - Snap shot by Jack Roslovic.
18:08 of 1st period - Deflect By Tomas Tatar.
18:08 of 1st period - Goal by Jack Roslovic - Rampage : 3 - Eagles : 2.
18:09 of 1st period - Jack Roslovic wins face-off versus Drake Caggiula in neutral zone.
18:21 of 1st period - Off-side.
18:22 of 1st period - Jack Roslovic wins face-off versus Drake Caggiula in neutral zone.
Goals for this period are 3 for Rampage vs 2 for Eagles.
Shots for this period are 11 for Rampage vs 14 for Eagles.
2nd period
0:01 of 2nd period - Jack Roslovic wins face-off versus Nick Cousins in neutral zone.
0:08 of 2nd period - Snap shot by Jack Roslovic.
0:08 of 2nd period - Stopped by Marek Mazanek with a rebound.
0:10 of 2nd period - Wrist shot by Jack Roslovic.
0:10 of 2nd period - Shot Blocked by Tomas Tatar.
0:35 of 2nd period - Slapshot by Matteson Iacopelli.
0:35 of 2nd period - Shot Misses the Net.
0:37 of 2nd period - Slapshot by Jarred Tinordi.
0:37 of 2nd period - Goal by Jarred Tinordi - Rampage : 3 - Eagles : 3.
0:38 of 2nd period - Jack Roslovic wins face-off versus Tyler Motte in neutral zone.
0:43 of 2nd period - Icing by Tyler Motte.
0:44 of 2nd period - Jack Roslovic wins face-off versus Tyler Motte in Eagles zone.
1:34 of 2nd period - Icing by Tomas Tatar.
1:35 of 2nd period - Jean-Sebastien Dea wins face-off versus Zach Aston-Reese in Eagles zone.
1:50 of 2nd period - Snap shot by Joseph Blandisi.
1:50 of 2nd period - Shot Misses the Net.
2:00 of 2nd period - Snap shot by Petr Straka.
2:00 of 2nd period - Stopped by Marek Mazanek without a rebound.
2:01 of 2nd period - Jared McCann wins face-off versus Jordan Greenway in Eagles zone.
2:01 of 2nd period - Jared McCann is hit by Jordan Kyrou.
2:04 of 2nd period - Minor Penalty to Anthony Duclair for Slashing.
2:05 of 2nd period - Tomas Tatar wins face-off versus Jack Roslovic in Eagles zone.
2:43 of 2nd period - Slapshot by Jack Roslovic.
2:43 of 2nd period - Shot Misses the Net.
2:53 of 2nd period - Wrist shot by Jack Roslovic.
2:53 of 2nd period - Shot Blocked by Tomas Tatar.
2:59 of 2nd period - Wrist shot by Jack Roslovic.
2:59 of 2nd period - Stopped by Marek Mazanek without a rebound.
3:00 of 2nd period - Denis Gurianov wins face-off versus Joseph Blandisi in Eagles zone.
3:03 of 2nd period - Snap shot by Denis Gurianov.
3:03 of 2nd period - Stopped by Marek Mazanek with a rebound.
4:04 of 2nd period - Penalty to Anthony Duclair is over, Anthony Duclair is back on ice.
4:30 of 2nd period - Wrist shot by Zach Aston-Reese.
4:30 of 2nd period - Stopped by Brandon Halverson without a rebound.
4:31 of 2nd period - Jean-Sebastien Dea wins face-off versus Zach Aston-Reese in Rampage zone.
4:31 of 2nd period - Jean-Sebastien Dea is hit by Matteson Iacopelli.
4:47 of 2nd period - Jared McCann is hit by Ethan Bear.
5:23 of 2nd period - Icing by Denis Gurianov.
5:24 of 2nd period - Zach Aston-Reese wins face-off versus Jean-Sebastien Dea in Rampage zone.
5:33 of 2nd period - Joseph Blandisi is hit by Travis Sanheim and loses puck.
5:48 of 2nd period - Jordan Greenway is hit by Drake Caggiula and loses puck.
6:07 of 2nd period - Wrist shot by Drake Caggiula.
6:07 of 2nd period - Stopped by Brandon Halverson with a rebound.
6:57 of 2nd period - Snap shot by Jordan Kyrou.
6:57 of 2nd period - Stopped by Marek Mazanek without a rebound.
6:58 of 2nd period - Jack Roslovic wins face-off versus Jared McCann in Eagles zone.
7:24 of 2nd period - Wrist shot by Drake Caggiula.
7:24 of 2nd period - Shot Misses the Net.
7:30 of 2nd period - Wrist shot by T.J. Tynan.
7:30 of 2nd period - Shot Blocked by Drake Caggiula.
7:44 of 2nd period - Wrist shot by Anthony Richard.
7:44 of 2nd period - Shot Misses the Net.
7:46 of 2nd period - Slapshot by Roland McKeown.
7:46 of 2nd period - Stopped by Marek Mazanek without a rebound.
7:47 of 2nd period - Anthony Richard wins face-off versus Zach Aston-Reese in Eagles zone.
7:58 of 2nd period - Snap shot by Anthony Richard.
7:58 of 2nd period - Shot Misses the Net.
8:00 of 2nd period - Wrist shot by Roland McKeown.
8:00 of 2nd period - Stopped by Marek Mazanek with a rebound.
8:02 of 2nd period - Slapshot by Roland McKeown.
8:02 of 2nd period - Deflect By Anthony Richard.
8:02 of 2nd period - Stopped by Marek Mazanek with a rebound.
8:04 of 2nd period - Snap shot by Anthony Richard.
8:04 of 2nd period - Stopped by Marek Mazanek with a rebound.
8:06 of 2nd period - Slapshot by Roland McKeown.
8:06 of 2nd period - Deflect By Anthony Richard.
8:06 of 2nd period - Shot Misses the Net.
8:06 of 2nd period - Puck is out of play.
8:07 of 2nd period - Drake Caggiula wins face-off versus Jack Roslovic in Eagles zone.
8:07 of 2nd period - Drake Caggiula is hit by Jordan Kyrou.
8:15 of 2nd period - Jordan Kyrou is hit by Drake Caggiula and loses puck.
8:28 of 2nd period - Minor Penalty to Jordan Greenway for Goalie Interference.
8:29 of 2nd period - Jack Roslovic wins face-off versus Drake Caggiula in Rampage zone.
8:45 of 2nd period - Slapshot by Tomas Tatar.
8:45 of 2nd period - Goal by Tomas Tatar - Rampage : 3 - Eagles : 4.
8:46 of 2nd period - Drake Caggiula wins face-off versus Jordan Kyrou in neutral zone.
9:18 of 2nd period - Snap shot by Petr Straka.
9:18 of 2nd period - Shot Blocked by John Ramage.
9:20 of 2nd period - Wrist shot by Travis Sanheim.
9:20 of 2nd period - Shot Misses the Net.
10:07 of 2nd period - Backhand shot by Jack Roslovic.
10:07 of 2nd period - Goal by Jack Roslovic - Rampage : 4 - Eagles : 4.
10:08 of 2nd period - Jack Roslovic wins face-off versus Drake Caggiula in neutral zone.
10:15 of 2nd period - Snap shot by Jack Roslovic.
10:15 of 2nd period - Shot Misses the Net.
10:19 of 2nd period - Wrist shot by Jack Roslovic.
10:19 of 2nd period - Stopped by Marek Mazanek without a rebound.
10:20 of 2nd period - Jack Roslovic wins face-off versus Drake Caggiula in Eagles zone.
10:35 of 2nd period - Slapshot by Nick Cousins.
10:35 of 2nd period - Stopped by Brandon Halverson with a rebound.
11:29 of 2nd period - Nick Cousins is hit by Ryan Lomberg.
11:51 of 2nd period - Charlie McAvoy is hit by Jonathan Racine and loses puck.
12:46 of 2nd period - Jarred Tinordi is hit by Jean-Sebastien Dea and loses puck.
12:57 of 2nd period - Slapshot by Ryan Lomberg.
12:57 of 2nd period - Deflect By Tomas Tatar.
12:57 of 2nd period - Shot Misses the Net.
12:57 of 2nd period - Puck is out of play.
12:58 of 2nd period - Jared McCann wins face-off versus T.J. Tynan in Eagles zone.
13:11 of 2nd period - Wrist shot by Denis Gurianov.
13:11 of 2nd period - Shot Blocked by Tyler Motte.
13:31 of 2nd period - Wrist shot by Jeremy Bracco.
13:31 of 2nd period - Shot Misses the Net.
13:33 of 2nd period - Snap shot by Anthony Richard.
13:33 of 2nd period - Shot Misses the Net.
13:43 of 2nd period - Zach Aston-Reese is hit by Artturi Lehkonen and loses puck.
13:58 of 2nd period - Off-side.
13:59 of 2nd period - Drake Caggiula wins face-off versus Jack Roslovic in neutral zone.
14:32 of 2nd period - Backhand shot by Ryan Lomberg.
14:32 of 2nd period - Deflect By T.J. Tynan.
14:32 of 2nd period - Stopped by Marek Mazanek without a rebound.
14:33 of 2nd period - Zach Aston-Reese wins face-off versus T.J. Tynan in Eagles zone.
14:40 of 2nd period - Snap shot by Matteson Iacopelli.
14:40 of 2nd period - Shot Blocked by Charlie McAvoy.
15:19 of 2nd period - Slapshot by Travis Sanheim.
15:19 of 2nd period - Shot Misses the Net.
15:45 of 2nd period - Wrist shot by T.J. Tynan.
15:45 of 2nd period - Stopped by Marek Mazanek with a rebound.
16:52 of 2nd period - Snap shot by Oskar Lindblom.
16:52 of 2nd period - Stopped by Marek Mazanek with a rebound.
17:04 of 2nd period - Wrist shot by Zach Aston-Reese.
17:04 of 2nd period - Stopped by Brandon Halverson with a rebound.
17:30 of 2nd period - Snap shot by Jack Roslovic.
17:30 of 2nd period - Stopped by Marek Mazanek with a rebound.
18:03 of 2nd period - Snap shot by Anthony Richard.
18:03 of 2nd period - Stopped by Marek Mazanek without a rebound.
18:04 of 2nd period - Jack Roslovic wins face-off versus Drake Caggiula in Eagles zone.
18:05 of 2nd period - Wrist shot by Jordan Kyrou.
18:05 of 2nd period - Shot Hit the Post.
18:07 of 2nd period - Slapshot by Ethan Bear.
18:07 of 2nd period - Shot Blocked by Jonathan Racine.
18:09 of 2nd period - Slapshot by Roland McKeown.
18:09 of 2nd period - Stopped by Marek Mazanek with a rebound.
18:29 of 2nd period - Anthony Duclair is hit by Collin Miller and loses puck.
18:38 of 2nd period - Slapshot by Anthony Duclair.
18:38 of 2nd period - Shot Misses the Net.
18:40 of 2nd period - Snap shot by Jared McCann.
18:40 of 2nd period - Stopped by Brandon Halverson with a rebound.
18:54 of 2nd period - Slapshot by Ryan Murphy.
18:54 of 2nd period - Deflect By Joseph Blandisi.
18:54 of 2nd period - Shot Misses the Net.
18:54 of 2nd period - Puck is out of play.
18:55 of 2nd period - Jean-Sebastien Dea wins face-off versus Zach Aston-Reese in Rampage zone.
19:40 of 2nd period - Snap shot by Ethan Bear.
19:40 of 2nd period - Shot Blocked by John Ramage.
19:42 of 2nd period - Backhand shot by Artturi Lehkonen.
19:42 of 2nd period - Shot Misses the Net.
19:44 of 2nd period - Slapshot by Jean-Sebastien Dea.
19:44 of 2nd period - Stopped by Marek Mazanek with a rebound.
19:46 of 2nd period - Snap shot by Petr Straka.
19:46 of 2nd period - Shot Misses the Net.
19:48 of 2nd period - Slapshot by Ethan Bear.
19:48 of 2nd period - Shot Misses the Net.
19:50 of 2nd period - Backhand shot by Artturi Lehkonen.
19:50 of 2nd period - Stopped by Marek Mazanek with a rebound.
19:52 of 2nd period - Snap shot by Petr Straka.
19:52 of 2nd period - Stopped by Marek Mazanek without a rebound.
19:53 of 2nd period - Nick Cousins wins face-off versus Jack Roslovic in Eagles zone.
Goals for this period are 1 for Rampage vs 2 for Eagles.
Shots for this period are 20 for Rampage vs 7 for Eagles.
3rd period
0:01 of 3rd period - Jack Roslovic wins face-off versus Drake Caggiula in neutral zone.
0:10 of 3rd period - Snap shot by Jack Roslovic.
0:10 of 3rd period - Shot Misses the Net.
1:46 of 3rd period - Kevan Miller is hit by Tyler Motte and loses puck.
2:09 of 3rd period - Snap shot by Petr Straka.
2:09 of 3rd period - Stopped by Marek Mazanek with a rebound.
2:51 of 3rd period - Ryan Murphy is hit by Jordan Greenway and loses puck.
2:56 of 3rd period - Snap shot by Jordan Kyrou.
2:56 of 3rd period - Stopped by Marek Mazanek without a rebound.
2:57 of 3rd period - Jordan Kyrou wins face-off versus Drake Caggiula in Eagles zone.
3:08 of 3rd period - Wrist shot by Tomas Tatar.
3:08 of 3rd period - Stopped by Brandon Halverson without a rebound.
3:09 of 3rd period - Drake Caggiula wins face-off versus Jack Roslovic in Rampage zone.
3:22 of 3rd period - Snap shot by Jack Roslovic.
3:22 of 3rd period - Deflect By Jordan Kyrou.
3:22 of 3rd period - Shot Misses the Net.
3:22 of 3rd period - Puck is out of play.
3:23 of 3rd period - T.J. Tynan wins face-off versus Drake Caggiula in Eagles zone.
3:30 of 3rd period - Slapshot by Ryan Lomberg.
3:30 of 3rd period - Stopped by Marek Mazanek with a rebound.
3:32 of 3rd period - Slapshot by Charlie McAvoy.
3:32 of 3rd period - Shot Blocked by Nick Cousins.
3:34 of 3rd period - Wrist shot by Denis Gurianov.
3:34 of 3rd period - Shot Misses the Net.
4:08 of 3rd period - Snap shot by Tyler Motte.
4:08 of 3rd period - Stopped by Brandon Halverson with a rebound.
4:10 of 3rd period - Snap shot by Jared McCann.
4:10 of 3rd period - Shot Misses the Net.
4:12 of 3rd period - Snap shot by Tyler Motte.
4:12 of 3rd period - Shot Blocked by Jordan Greenway.
4:14 of 3rd period - Snap shot by Xavier Ouellet.
4:14 of 3rd period - Stopped by Brandon Halverson without a rebound.
4:15 of 3rd period - Jared McCann wins face-off versus T.J. Tynan in Rampage zone.
4:42 of 3rd period - Charlie McAvoy is hit by John Ramage and loses puck.
5:03 of 3rd period - Slapshot by Joseph Blandisi.
5:03 of 3rd period - Deflect By Matteson Iacopelli.
5:03 of 3rd period - Stopped by Brandon Halverson with a rebound.
5:44 of 3rd period - Wrist shot by Jared McCann.
5:44 of 3rd period - Stopped by Brandon Halverson with a rebound.
5:46 of 3rd period - Snap shot by Jared McCann.
5:46 of 3rd period - Shot Misses the Net.
5:48 of 3rd period - Snap shot by Xavier Ouellet.
5:48 of 3rd period - Shot Misses the Net.
5:50 of 3rd period - Snap shot by Jared McCann.
5:50 of 3rd period - Shot Blocked by T.J. Tynan.
6:00 of 3rd period - Xavier Ouellet is hit by T.J. Tynan and loses puck.
6:26 of 3rd period - Off-side.
6:27 of 3rd period - Nick Cousins wins face-off versus Jack Roslovic in neutral zone.
6:38 of 3rd period - Off-side.
6:39 of 3rd period - Zach Aston-Reese wins face-off versus Jack Roslovic in neutral zone.
6:48 of 3rd period - Wrist shot by Zach Aston-Reese.
6:48 of 3rd period - Shot Blocked by Roland McKeown.
6:50 of 3rd period - Slapshot by Zach Aston-Reese.
6:50 of 3rd period - Stopped by Brandon Halverson with a rebound.
7:04 of 3rd period - Ryan Murphy is hit by Ethan Bear and loses puck.
8:07 of 3rd period - Snap shot by Joseph Blandisi.
8:07 of 3rd period - Shot Misses the Net.
8:09 of 3rd period - Snap shot by Matteson Iacopelli.
8:09 of 3rd period - Stopped by Brandon Halverson with a rebound.
8:11 of 3rd period - Wrist shot by Joseph Blandisi.
8:11 of 3rd period - Deflect By Zach Aston-Reese.
8:11 of 3rd period - Shot Misses the Net.
8:11 of 3rd period - Puck is out of play.
8:12 of 3rd period - T.J. Tynan wins face-off versus Drake Caggiula in Rampage zone.
8:12 of 3rd period - T.J. Tynan is hit by Ryan Murphy.
8:29 of 3rd period - Minor Penalty to Jarred Tinordi for Tripping.
8:30 of 3rd period - Jack Roslovic wins face-off versus Tomas Tatar in Eagles zone.
9:25 of 3rd period - Oskar Lindblom is hit by John Ramage and loses puck.
10:29 of 3rd period - Penalty to Jarred Tinordi is over, Jarred Tinordi is back on ice.
10:35 of 3rd period - Jarred Tinordi is hit by Jeremy Bracco and loses puck.
12:44 of 3rd period - Wrist shot by Jared McCann.
12:44 of 3rd period - Goal by Jared McCann - Rampage : 4 - Eagles : 5.
12:45 of 3rd period - Jack Roslovic wins face-off versus Drake Caggiula in neutral zone.
12:53 of 3rd period - Roland McKeown is hit by Tomas Tatar.
13:00 of 3rd period - Minor Penalty to Jarred Tinordi for Hooking.
13:01 of 3rd period - Tomas Tatar wins face-off versus Jordan Kyrou in Eagles zone.
14:40 of 3rd period - Minor Penalty to Collin Miller for Holding.
14:41 of 3rd period - Jean-Sebastien Dea wins face-off versus Tomas Tatar in Rampage zone.
14:54 of 3rd period - Snap shot by Petr Straka.
14:54 of 3rd period - Shot Misses the Net.
15:00 of 3rd period - Penalty to Jarred Tinordi is over, Jarred Tinordi is back on ice.
16:40 of 3rd period - Penalty to Collin Miller is over, Collin Miller is back on ice.
17:43 of 3rd period - Travis Sanheim is hit by Nick Cousins and loses puck.
18:43 of 3rd period - Roland McKeown is hit by Tomas Tatar and loses puck.
19:01 of 3rd period - Rampage, Brandon Halverson is pulled from the net.
19:05 of 3rd period - Snap shot by Artturi Lehkonen.
19:05 of 3rd period - Stopped by Marek Mazanek with a rebound.
19:11 of 3rd period - Petr Straka is hit by Drake Caggiula and loses puck.
19:24 of 3rd period - Slapshot by Nick Cousins.
19:24 of 3rd period - Goal by Nick Cousins - Rampage : 4 - Eagles : 6.
19:24 of 3rd period - Brandon Halverson from Rampage was sent back in the game.
19:25 of 3rd period - Jack Roslovic wins face-off versus Drake Caggiula in neutral zone.
19:36 of 3rd period - Wrist shot by Tomas Tatar.
19:36 of 3rd period - Stopped by Brandon Halverson without a rebound.
19:37 of 3rd period - Jack Roslovic wins face-off versus Sam Steel in Rampage zone.
19:44 of 3rd period - Slapshot by Jarred Tinordi.
19:44 of 3rd period - Stopped by Brandon Halverson without a rebound.
19:45 of 3rd period - Drake Caggiula wins face-off versus Jean-Sebastien Dea in Rampage zone.
Goals for this period are 0 for Rampage vs 2 for Eagles.
Shots for this period are 4 for Rampage vs 11 for Eagles.